 Dungeon Crawl Stone Soup version 0.29-a0-271-gd4eb659eea (console) character file.

Game seed: 16406710325530211357

81 zerissa the Charlatan (level 4, 0/35 HPs)
             Began as a Demigod Wanderer on Mar 8, 2022.
             Slain by a gnoll
             ... wielding a +0 flail
              (7 damage)
             ... on level 2 of the Dungeon.
             The game lasted 00:04:03 (1689 turns).

zerissa the Charlatan (Demigod Wanderer)            Turns: 1689, Time: 00:04:03

Health: 0/35       AC:  7    Str: 18    XL:     4   Next: 0%
Magic:  6/6        EV:  9    Int: 10    God:
Gold:   86         SH:  0    Dex: 22    Spells: 3/3 levels left

rFire   . . .      SeeInvis .   a - +0 shortbow
rCold   . . .      Faith    .   (shield currently unavailable)
rNeg    . . .      Spirit   .   c - +0 scale mail
rPois   .          Reflect  .   (no helmet)
rElec   .          Harm     .   (no cloak)
rCorr   .          Rampage  .   (no gloves)
Will    .....                   j - +0 pair of boots
Stlth   ..........              (no amulet)
HPRegen 0.11/turn               e - +6 ring of dexterity
MPRegen 0.10/turn               (no ring)

@: no status effects
A: high MP 1, forlorn, divine attributes
a: no special abilities


You were on level 2 of the Dungeon.
You visited 1 branch of the dungeon, and saw 2 of its levels.

You collected 86 gold pieces.

Inventory:

Hand Weapons
 a - a +0 shortbow (weapon)
Armour
 c - a +0 scale mail (worn)
 j - a +0 pair of boots (worn)
Jewellery
 e - a +6 ring of dexterity (left hand)
Wands
 b - a wand of flame (15)
Scrolls
 d - 2 scrolls of summoning
 h - a scroll of identify {unknown}
 m - a scroll of torment {unknown}
Potions
 f - a potion of flight {unknown}
 g - a potion of haste {unknown}
 i - 2 potions of heal wounds {unknown}
 k - a potion of attraction {unknown}
 l - a potion of lignification {unknown}


   Skills:
 - Level 1.0 Fighting
 + Level 3.1 Bows
 - Level 1.0 Throwing
 + Level 3.1 Armour
 - Level 3.6 Evocations


You had 3 spell levels left.
You didn't know any spells.
Your spell library contained the following spells:

 Spells                   Type           Power      Damage    Failure   Level
 Summon Small Mammal      Summ           0%         N/A       75%         1
 Call Canine Familiar     Summ           0%         N/A       98%         3
 Summon Guardian Golem    Hex/Summ       0%         N/A       98%         3


Dungeon Overview and Level Annotations

Branches:
Dungeon (2/15)


Innate Abilities, Weirdness & Mutations

You have an increased reservoir of magic. (+10% MP)
You shall have no god before yourself.
Your divine heritage dramatically boosts your attributes as you level up.


Message History

There are monsters nearby!
You shoot an arrow. The gnoll shouts!
The arrow hits the gnoll.
The gnoll is moderately wounded.
The gnoll hits you with a +0 flail.
You shoot an arrow.
The arrow hits the gnoll but does no damage.
The gnoll is moderately wounded.
The gnoll attacks as you move away! The gnoll closely misses you.
You shoot an arrow. The arrow hits the gnoll!
You kill the gnoll!
The gnoll barely misses you.
You have reached level 4!
The gnoll attacks as you move away! The gnoll closely misses you.
You shoot an arrow. The arrow hits the gnoll.
The gnoll is lightly wounded.
You shoot an arrow.
The arrow hits the gnoll but does no damage.
The gnoll hits you with a +0 flail.
You shoot an arrow. The arrow barely misses the gnoll.
The arrow hits the gnoll.
The gnoll is heavily wounded.
The gnoll hits you with a +0 flail. x2
You shoot an arrow. The arrow hits the gnoll.
The gnoll is lightly wounded.
The gnoll hits you with a +0 flail.
You shoot an arrow. The arrow hits the gnoll.
The gnoll is moderately wounded.
The gnoll hits you with a +0 flail! x2
* * * LOW HITPOINT WARNING * * *
You are too injured to fight recklessly!
You are too injured to fight recklessly!
Shoot: a) +0 shortbow
Press: ? - help, Q - select action, (/) - cycle Shift-Dir - straight line, f/p - gnoll
Aim: a gnoll, wielding a +0 flail (moderately wounded, 68% to hit)
You shoot an arrow. The arrow hits the gnoll!
The gnoll is almost dead.
The gnoll hits you with a +0 flail!
You die...

##.......# ##. #........#
## #[.......# ##
#####........##### #.
#................# #.
##..##.###....#####.#.####.
.......).##..#.............
....##.#.###.#..P......###.
. #g#gg@..#......#..# #.
#g#####.#......P..# #. #.
#.#..P......# #. #.
####.#.....P#..# #. #.
.......#++#.P..###. ##
#...........†...
####...######### #)### ##.#


You could see 2 gnolls.

Vanquished Creatures
  4 gnolls (D:2)
  A worm (D:2)
  4 dart slugs
  A bat (D:1)
  5 endoplasms
  3 giant cockroaches
  2 goblins
  5 hobgoblins
  A quokka (D:2)
  5 ball pythons
  2 rats (D:1)
33 creatures vanquished.

Vanquished Creatures (others)
  3 plants (D:2)
3 creatures vanquished.

Grand Total: 36 creatures vanquished

Notes
Turn   | Place    | Note
-------+----------+-------------------------------------------
     0 | D:1      | zerissa the Demigod Wanderer began the quest for the Orb.
     0 | D:1      | zerissa set off with the following items: a +0 shortbow, a
                  | wand of flame (20), a +0 scale mail, a scroll of summoning
     0 | D:1      | Reached XP level 1. HP: 16/16 MP: 3/3
   327 | D:1      | Reached XP level 2. HP: 23/23 MP: 4/4
  1036 | D:2      | Reached XP level 3. HP: 24/28 MP: 5/5
  1682 | D:2      | Reached XP level 4. HP: 31/35 MP: 6/6
  1689 | D:2      | Slain by a gnoll

Illustrated notes

Levels and vault maps discovered:
D:1:      minmay_arrival_stair_chambers, layout_loops_corners
D:2:      cheibrodos_old_hovel, layout_loops_corners, basic_altar,
          dreamdust_ecumenical_altar_sealed_demon

Skill      XL: |  1  2  3 |
---------------+----------+-----
Bows           | 2 3 |  3.1
Armour         | 2 3 |  3.1
Fighting       | |  1.0
Throwing       | |  1.0
Evocations     | |  3.6

Action                   |  1- 3 |  4- 6 || total
-------------------------+-------+-------++-------
 Fire: Shortbow          |    90 |     6 ||    96
Evoke: Wand              |     5 |       ||     5
Armor: Scale mail        |    24 |       ||    24
Dodge: Dodged            |    21 |     1 ||    22

Table legend: (Time is in decaauts)
 A = Elapsed time spent in this place.
 B = Non-inter-level travel time spent in this place.
 C = Inter-level travel time spent in this place.
 D = Time resting spent in this place.
 E = Time spent auto-exploring this place.
 F = Levels seen in this place.
 G = Mean time per level.
                   A        B        C        D        E       F      G
               +--------+--------+--------+--------+--------+-----+--------+
         Total |   1740 |   1721 |     19 |    286 |   1183 |   2 |  870.0 |
       Dungeon |   1740 |   1721 |     19 |    286 |   1183 |   2 |  870.0 |
               +--------+--------+--------+--------+--------+-----+--------+

Top non-repeatable levels by time:
     D:1: 931 daAuts
     D:2: 809 daAuts
